 Dungeon Crawl Stone Soup version 0.26.1-11-gd32895ea62 (webtiles) character file.

Game seed: 4296121856108815542

274193 raph the Devastator (level 19, -8/115 HPs)
             Began as a Deep Elf Conjurer on July 2, 2021.
             Was the Champion of Vehumet.
             Killed from afar by an Ice Fiend (37 damage)
             ... with a bolt of cold
             ... summoned by a deep elf demonologist
             ... led by an ironheart preserver
             ... on level 1 of the Vaults on July 3, 2021.
             The game lasted 02:34:42 (63929 turns).

raph the Devastator (Deep Elf Conjurer)            Turns: 63929, Time: 02:34:42

Health: -8/115     AC: 19    Str:  6    XL:     19   Next: 52%
Magic:  13/42      EV: 30    Int: 34    God:    Vehumet [******]
Gold:   1060       SH: 12    Dex: 15    Spells: 2/52 levels left

rFire    . . .     SeeInvis .   a - staff of conjuration
rCold    . . .     Faith    .   f - +2 buckler
rNeg     . . .     Spirit   .   T - +4 steam dragon scales
rPois    +         Reflect  +   Z - +2 hat {Will+}
rElec    .         Harm     .   C - +2 cloak {rPois}
rCorr    .         Rampage  .   N - +2 pair of gloves
Will     ++...                  l - +1 pair of boots {Stlth+}
Stlth    +++++.....             K - amulet of reflection
HPRegen  0.29/turn              q - +6 ring of intelligence
MPRegen  0.28/turn              n - ring of the Hare {EV+8}

@: no status effects
A: no striking features
}: 2/15 runes: serpentine, barnacled
a: Renounce Religion


You were on level 1 of the Vaults.
You worshipped Vehumet.
Vehumet was exalted by your worship.
You visited 6 branches of the dungeon, and saw 32 of its levels.

You collected 3656 gold pieces.
You spent 2596 gold pieces at shops.

Inventory:

Missiles
 c - 106 poisoned darts
Armour
 f - a +2 buckler (worn)
 l - a +1 pair of boots of stealth (worn)
 C - a +2 cloak of poison resistance (worn)
 N - a +2 pair of gloves (worn)
 T - +4 steam dragon scales (worn)
 Z - a +2 hat of willpower (worn)
Magical Staves
 a - an uncursed staff of conjuration (weapon)
 b - an uncursed staff of earth
 J - an uncursed staff of death
Jewellery
 d - a +4 ring of protection
 k - an uncursed ring of wizardry
 n - the ring of the Hare (right hand) {EV+8}
   (You acquired it on level 1 of the Snake Pit)

   [ring of evasion]

   It affects your evasion (+8).
 q - a +6 ring of intelligence (left hand)
 A - an uncursed ring of see invisible
 K - an amulet of reflection (around neck)
Wands
 r - a wand of iceblast (43)
 w - a wand of enslavement (9)
 B - a wand of flame (33)
 G - a wand of paralysis (38)
 I - a wand of acid (32)
 V - a wand of disintegration (46)
Scrolls
 g - 10 scrolls of identify
 h - 11 scrolls of teleportation
 i - 3 scrolls of amnesia
 m - 20 scrolls of remove curse
 o - 4 scrolls of immolation
 u - 9 scrolls of fog
 y - a scroll of silence
 F - 4 scrolls of fear
 L - 5 scrolls of blinking
 O - a scroll of holy word
 P - 2 scrolls of magic mapping
Potions
 e - 6 potions of heal wounds
 j - 9 potions of curing
 p - 2 potions of magic
 t - 4 potions of flight
 v - 11 potions of ambrosia
 x - 11 potions of brilliance
 D - 8 potions of mutation
 E - 5 potions of haste
 R - a potion of cancellation
 W - 2 potions of resistance
 X - 2 potions of invisibility
 Y - 2 potions of might
Miscellaneous
 Q - a condenser vane


   Skills:
 + Level 11.4 Fighting
 * Level 11.8 Staves
 - Level 14.5 Dodging
 - Level 8.5 Stealth
 - Level 4.0 Shields
 + Level 17.0 Spellcasting
 + Level 18.0 Conjurations
 - Level 7.5 Hexes
 * Level 5.3 Necromancy
 - Level 6.0 Air Magic
 + Level 15.0 Earth Magic
 + Level 8.7 Evocations


You had 2 spell levels left.
You knew the following spells:

 Your Spells              Type           Power        Failure   Level
a - Magic Dart            Conj           100%         0%          1
b - Freezing Cloud        Conj/Ice/Air   45%          2%          6
c - Dazzling Flash        Conj/Hex       100%         0%          3
d - Lehudib's Crystal Sp  Conj/Erth      59%          2%          8
e - Lightning Bolt        Conj/Air       52%          1%          5
f - Iskenderun's Mystic   Conj/Tloc      94%          1%          4
g - Iskenderun's Battles  Conj           100%         0%          5
h - Apportation           Tloc           56%          1%          1
i - Iron Shot             Conj/Erth      59%          1%          6
j - Passwall              Tmut/Erth      57%          1%          2
k - Lee's Rapid Deconstr  Erth           46%          1%          5
l - Animate Dead          Necr           30%          1%          4

Your spell library contained the following spells:

 Spells                   Type           Power        Failure   Level
 Chain Lightning          Conj/Air       52%          16%         8
 Tornado                  Air            31%          100%        9
 Sandblast                Erth           100%         0%          1
 Searing Ray              Conj           100%         0%          2
 Beastly Appendage        Tmut           56%          1%          1
 Corona                   Hex            76%          1%          1
 Ensorcelled Hibernation  Hex/Ice        100%         1%          2
 Wereblood                Tmut           28%          1%          2
 Stone Arrow              Conj/Erth      100%         0%          3
 Confusing Touch          Hex            69%          1%          3
 Ignite Poison            Fire/Tmut/Pois 28%          1%          3
 Mephitic Cloud           Conj/Pois/Air  90%          1%          3
 Static Discharge         Conj/Air       100%         1%          3
 Tukima's Dance           Hex            69%          1%          3
 Cause Fear               Hex            34%          1%          4
 Fulminant Prism          Conj/Hex       54%          1%          4
 Petrify                  Tmut/Erth      69%          1%          4
 Borgnjor's Vile Clutch   Necr/Erth      39%          1%          5
 Fireball                 Conj/Fire      47%          1%          5
 Irradiate                Conj/Tmut      47%          1%          5
 Conjure Ball Lightning   Conj/Air       52%          1%          6
 Starburst                Conj/Fire      47%          1%          6
 Silence                  Hex/Air        33%          2%          5
 Yara's Violent Unravell  Hex/Tmut       26%          2%          5
 Lesser Beckoning         Tloc           14%          3%          3
 Spider Form              Tmut/Pois      14%          3%          3
 Invisibility             Hex            69%          9%          6
 Statue Form              Tmut/Erth      46%          9%          6
 Ice Form                 Ice/Tmut       28%          13%         4
 Death Channel            Necr           30%          22%         6
 Alistair's Intoxication  Tmut/Pois      18%          34%         5
 Blade Hands              Tmut           14%          34%         5
 Ozocubu's Refrigeration  Ice            14%          43%         6
 Simulacrum               Ice/Necr       23%          54%         6
 Shatter                  Erth           46%          54%         9
 Dispersal                Tloc           14%          89%         6
 Hydra Form               Tmut           14%          89%         6
 Discord                  Hex            34%          98%         8
 Dragon Form              Tmut           14%          100%        7
 Ignition                 Fire           14%          100%        8


Dungeon Overview and Level Annotations

Branches:
Dungeon (15/15)            Temple (0/1) D:7            Lair (6/6) D:9
 Shoals (4/4) Lair:3        Snake (4/4) Lair:4        Slime (0/5) Lair:6
    Orc (2/2) D:9             Elf (0/3) Orc:2        Vaults (1/5) D:13
 Depths (0/5) D:15

Altars:
Cheibriados
Dithmenos
Gozag
Makhleb
Qazlal
Trog
Vehumet
Wu Jian
Beogh
Jiyva

Shops:
Orc:2 [[*(   Shoals:1 (   Snake:2 *   Snake:4 =}}

Portals:
Hell: Lair:6

Annotations:
D:13 exclusion: 2 statues


Message History

The Ice Fiend is moderately wounded.
The Ice Fiend gestures at you. The bolt of cold hits you!!
There is an open door here.
As you close the door, it creaks loudly!
You start resting.
There are monsters nearby!
You barely miss the Ice Fiend.
The Ice Fiend is moderately wounded.
You hit the Ice Fiend but do no damage.
You blast the Ice Fiend!
The Ice Fiend is heavily wounded.
The Ice Fiend gestures at you.
The bolt of cold hits the Ice Fiend.
The Ice Fiend completely resists.
The bolt of cold hits you!!! You block the Ice Fiend's attack.
The Ice Fiend claws you. The Ice Fiend freezes you!!
* * * LOW HITPOINT WARNING * * *
You feel much better. The Ice Fiend gestures at you.
The bolt of cold hits you!!!
You die...

#..#...#.. ######### #......)).
#.......# #.⌠..∩[.⌠. ###
#.......# #.......)) ..#
#####'##### #..#)))#..
..####.........#### #....)....
..#..#.#######.#..# #....(....
..#..#.#.... #.#..##########)####
..#..#.#)... #.#@.#........((.# #
..#..'.#).). #.1..#.........(.###
..#..#.#.)). #1#..#.........(.#..
..'..#.#..1. #.#..'...........'..
..#..#.###''##.#..#...........#.#
..####.....1(..####...........#.#
..# #####+##### #...........#.#
### #...........#..
#...........#..


You could see 2 Ice Fiends.

Vanquished Creatures
  Jorgrun (Shoals:3)
  Asterion (Snake:1)
  Gastronok (Lair:2)
  2 krakens
  Agnes (Snake:1)
  Donald (Shoals:1)
  Ilsuiw (Shoals:4)
  6 nagarajas
  A fire giant (D:14)
  An orc warlord (Orc:1)
  Louise (Snake:1)
  The ghost of Rexfelis the Severer, a journeyman MiBe of Trog (Lair:6)
  2 ironheart preservers (Vaults:1)
  The ghost of raph the Geomancer, a journeyman DEEE of Hepliaklqana (Shoals:2)
  A deep elf demonologist (Vaults:1)
  A dire elephant (Lair:6)
  10 merfolk javelineers
  9 merfolk impalers
  Josephine (Snake:1)
  3 great orbs of eyes (Vaults:1)
  A yaktaur captain (Vaults:1)
  An ice dragon (D:11)
  Fannar (D:10)
  12 hydras
  3 centaur warriors
  18 naga warriors
  5 catoblepae
  3 merfolk avatars
  4 satyrs (Shoals:3)
  2 boulder beetles
  6 merfolk aquamancers
  6 anacondas
  An alligator snapping turtle (Shoals:2)
  15 two-headed ogres
  The ghost of Statics the Black Belt, a journeyman OpFi of Ashenzari (D:9)
  A tengu warrior (D:15)
  4 ogre magi (Vaults:1)
  Urug (Orc:2)
  10 orc high priests (Orc:2)
  4 death yaks (Lair:3)
  2 shock serpents (Snake:4)
  17 naga sharpshooters
  A sun demon (Lair:6)
  2 deep elf knights (Vaults:1)
  12 sea snakes
  3 salamander mystics
  9 naga ritualists
  An unseen horror (Vaults:1)
  An ironbrand convoker (Vaults:1)
  A necromancer (D:15)
  30 harpies
  A wolf spider zombie (D:15)
  5 deep elf archers (Vaults:1)
  4 deep elf magi
  4 orc knights
  3 wizards
  9 mana vipers
  16 manticores
  3 orc sorcerers
  14 ugly things
  12 fauns
  2 oklob plants
  11 salamanders
  2 moths of wrath (Lair:6)
  4 guardian serpents
  9 merfolk sirens
  4 cyclopes
  Psyche (D:10)
  44 black mambas
  2 orange demons (Lair:6)
  A torpor snail (Lair:5)
  A vault sentinel (Vaults:1)
  31 naga magi
  7 water nymphs
  19 cane toads
  5 rime drakes
  4 yaktaurs (Vaults:1)
  12 komodo dragons
  2 freezing wraiths
  2 ice devils (Lair:6)
  2 polar bears (D:11)
  A hellwing (Lair:6)
  3 meliai (Lair:6)
  7 trolls
  A red devil (Lair:6)
  A queen bee (shapeshifter) (Vaults:1)
  Grinder (D:6)
  43 merfolk
  A queen bee (Lair:6)
  7 wind drakes
  3 hornets
  8 blink frogs (Lair:6)
  A wolf spider simulacrum (D:15)
  11 snapping turtles
  7 slime creatures
  17 dream sheep
  A centaur simulacrum (D:15)
  10 water elementals
  6 wraiths
  2 vampires
  6 spriggans (Lair:6)
  63 yaks
  3 basilisks
  4 wyverns
  5 vampire mosquitoes (D:14)
  8 wargs
  A steam dragon (Lair:3)
  An acid dragon (D:14)
  A soldier ant (D:13)
  5 hell hounds (Lair:6)
  20 water moccasins
  42 nagas
  3 ice beasts
  31 orc warriors
  A meliai simulacrum (D:15)
  3 phantoms
  2 sky beasts
  4 black bears
  19 centaurs
  A hornet zombie (D:14)
  21 ogres
  7 boggarts (Vaults:1)
  61 wolves
  2 big kobolds
  A gnoll sergeant (D:11)
  19 bullfrogs
  A wyvern zombie (D:13)
  A water moccasin zombie (D:5)
  2 wyvern skeletons
  5 scorpions
  7 wights (D:10)
  45 killer bees
  7 howler monkeys
  An electric eel (D:15)
  7 hounds
  4 centaur zombies
  A quasit (D:14)
  3 bullfrog skeletons
  5 bullfrog zombies
  5 jellies
  5 centaur skeletons
  49 orc priests
  An iron imp (D:9)
  5 iguanas
  Ijyb (D:4)
  40 orc wizards
  7 hell rats (Lair:5)
  13 worker ants
  2 killer bee zombies
  4 hound skeletons
  3 worker ant zombies
  A howler monkey zombie (D:6)
  13 adders
  13 gnolls
  2 shadow imps
  3 white imps
  6 ufetubi
  2 oozes
  3 adder skeletons
  2 adder zombies (D:6)
  3 worms (D:2)
  4 dart slugs
  7 leopard geckos
  140 orcs
  6 giant cockroaches
  14 goblins
  4 hobgoblins
  34 jackals
  6 quokkas
  3 ball pythons
  5 bats
  5 frilled lizards
  A giant cockroach zombie (D:6)
  13 kobolds
  A leopard gecko skeleton (D:6)
  A quokka skeleton (D:5)
  A quokka zombie (D:6)
  8 rats
  5 tentacles
1455 creatures vanquished.

Vanquished Creatures (others)
  92 fulminant prisms
  37 fungi
  218 plants
  7 tentacles
  8 withered plants (D:6)
362 creatures vanquished.

Grand Total: 1817 creatures vanquished

Notes
Turn   | Place    | Note
-------+----------+-------------------------------------------
     0 | D:1      | raph the Deep Elf Conjurer began the quest for the Orb.
     0 | D:1      | Reached XP level 1. HP: 10/10 MP: 6/6
   171 | D:1      | Reached XP level 2. HP: 15/15 MP: 0/8
   242 | D:1      | Learned a level 2 spell: Searing Ray
   686 | D:1      | Reached skill level 5 in Conjurations
   766 | D:1      | Reached XP level 3. HP: 19/19 MP: 5/9
  1921 | D:2      | Found a shadowy altar of Dithmenos.
  1926 | D:2      | Reached XP level 4. HP: 24/24 MP: 7/10
  1968 | D:2      | Learned a level 3 spell: Dazzling Flash
  2054 | D:2      | Reached skill level 6 in Conjurations
  3312 | D:3      | Reached skill level 1 in Hexes
  3312 | D:3      | Reached XP level 5. HP: 28/28 MP: 7/11
  3442 | D:3      | Found a radiant altar of Vehumet.
  3447 | D:3      | Became a worshipper of Vehumet
  3590 | D:3      | Reached skill level 7 in Conjurations
  4038 | D:4      | Reached XP level 6. HP: 32/32 MP: 4/12
  4043 | D:4      | Learned a level 4 spell: Fulminant Prism
  4785 | D:4      | Reached skill level 5 in Hexes
  4907 | D:3      | Reached XP level 7. HP: 32/36 MP: 8/13
  4959 | D:4      | Reached skill level 8 in Conjurations
  6222 | D:4      | Noticed Ijyb
  6225 | D:4      | Killed Ijyb
  6313 | D:4      | Identified the +1 ring mail "Canalap" {Dex+4 Slay+3}
  6935 | D:5      | Entered Level 5 of the Dungeon
  6976 | D:5      | Reached * piety under Vehumet
  6976 | D:5      | Offered knowledge of Sandblast by Vehumet.
  7164 | D:5      | Learned a level 1 spell: Sandblast
  7279 | D:5      | Reached skill level 9 in Conjurations
  7347 | D:5      | Reached XP level 8. HP: 41/41 MP: 5/14
  8078 | D:5      | Reached skill level 1 in Fighting
  9071 | D:6      | Reached ** piety under Vehumet
  9071 | D:6      | Offered knowledge of Foxfire by Vehumet.
  9312 | D:6      | Learned a level 4 spell: Iskenderun's Mystic Blast
  9316 | D:6      | Noticed Grinder
  9324 | D:6      | Killed Grinder
  9325 | D:6      | Reached skill level 5 in Spellcasting
  9325 | D:6      | Reached XP level 9. HP: 48/48 MP: 11/18
  9510 | D:6      | Reached skill level 5 in Stealth
 10187 | D:6      | Offered knowledge of Static Discharge by Vehumet.
 10264 | D:6      | Reached skill level 5 in Dodging
 10476 | D:7      | Reached skill level 10 in Conjurations
 10594 | D:7      | Found an ornate altar of the Wu Jian Council.
 10605 | D:7      | Reached *** piety under Vehumet
 10820 | D:7      | Found a staircase to the Ecumenical Temple.
 10864 | D:7      | HP: 2/50 [spore (28)]
 11663 | D:7      | Identified a scroll of acquirement
 11663 | D:7      | Acquired the ring "Voble" {Fire rN+ Dex+2}
 11755 | D:8      | Offered knowledge of Stone Arrow by Vehumet.
 11765 | D:8      | Learned a level 3 spell: Stone Arrow
 12027 | D:8      | Reached skill level 1 in Earth Magic
 12410 | D:8      | Identified the ring "Jog Het" {rElec Str-2 Dex+6 Slay+2
                  | Stlth+}
 12412 | D:8      | Reached **** piety under Vehumet
 12892 | D:8      | Offered knowledge of Mephitic Cloud by Vehumet.
 12926 | D:8      | Learned a level 3 spell: Mephitic Cloud
 13100 | D:9      | Found an opulent altar of Gozag.
 13139 | D:9      | Reached XP level 10. HP: 40/56 MP: 16/22
 13245 | D:9      | Found a staircase to the Orcish Mines.
 13318 | D:9      | Found a runed translucent door.
 13318 | D:9      | Noticed Statics's ghost (journeyman OpFi)
 13651 | D:9      | Found a stormy altar of Qazlal.
 13722 | D:9      | Got a buzzing cloak
 13733 | D:9      | Identified the +0 cloak of Responsibility {Int+2} (You
                  | found it on level 9 of the Dungeon)
 13942 | D:9      | Found a staircase to the Lair.
 14070 | D:9      | Found a snail-covered altar of Cheibriados.
 14259 | Lair:1   | Entered Level 1 of the Lair of Beasts
 14310 | Lair:1   | Noticed a cane toad
 14312 | Lair:1   | Reached skill level 11 in Conjurations
 14312 | Lair:1   | Reached ***** piety under Vehumet
 14313 | Lair:1   | Offered knowledge of Iron Shot by Vehumet.
 14315 | Lair:1   | Reached XP level 11. HP: 51/62 MP: 21/25
 14408 | Lair:1   | Learned a level 6 spell: Iron Shot
 14458 | Lair:1   | Noticed a seven-headed hydra
 14466 | Lair:1   | Killed a seven-headed hydra
 14467 | Lair:1   | Reached skill level 5 in Fighting
 14468 | Lair:1   | Reached skill level 5 in Earth Magic
 15227 | Lair:1   | Noticed an oklob plant
 15237 | Lair:1   | Killed an oklob plant
 15794 | Lair:2   | Noticed Gastronok
 15796 | Lair:2   | Reached skill level 12 in Conjurations
 15999 | Lair:2   | You fall into a shaft and drop 2 floors!
 16182 | Lair:3   | Noticed an oklob plant
 16188 | Lair:3   | Killed an oklob plant
 16189 | Lair:3   | Reached XP level 12. HP: 69/69 MP: 19/27
 16405 | Lair:2   | Reached skill level 10 in Spellcasting
 16678 | Lair:2   | Learned a level 2 spell: Passwall
 16922 | Lair:2   | Noticed a six-headed hydra
 16932 | Lair:2   | Killed a six-headed hydra
 17243 | Lair:2   | Killed Gastronok
 17349 | Lair:3   | Noticed a death yak
 17351 | Lair:3   | Noticed a death yak
 17353 | Lair:3   | Noticed a death yak
 17354 | Lair:3   | Noticed a death yak
 17357 | Lair:3   | Killed a death yak
 17360 | Lair:3   | Killed a death yak
 17361 | Lair:3   | Reached skill level 13 in Conjurations
 17363 | Lair:3   | Killed a death yak
 17365 | Lair:3   | Killed a death yak
 17804 | Lair:3   | Reached skill level 10 in Dodging
 18075 | Lair:3   | Found a staircase to the Shoals.
 18545 | Lair:3   | Noticed a six-headed hydra
 18554 | Lair:3   | Killed a six-headed hydra
 18787 | Lair:4   | Noticed a catoblepas
 18796 | Lair:4   | Killed a catoblepas
 18886 | Lair:4   | Noticed a four-headed hydra
 18892 | Lair:4   | Killed a four-headed hydra
 18893 | Lair:4   | Reached XP level 13. HP: 76/76 MP: 15/30
 18986 | Lair:4   | Learned a level 5 spell: Lee's Rapid Deconstruction
 19165 | Lair:4   | Found a staircase to the Snake Pit.
 19850 | Lair:4   | Reached skill level 10 in Earth Magic
 19850 | Lair:4   | Offered knowledge of Lightning Bolt by Vehumet.
 20700 | Lair:5   | Reached skill level 14 in Conjurations
 21429 | Lair:5   | Learned a level 5 spell: Lightning Bolt
 21970 | Lair:6   | Entered Level 6 of the Lair of Beasts
 22559 | Lair:6   | Noticed a dire elephant
 22562 | Lair:6   | Killed a dire elephant
 22780 | Lair:6   | Found a staircase to the Slime Pits.
 22780 | Lair:6   | Found a viscous altar of Jiyva.
 23180 | Lair:6   | Reached XP level 14. HP: 68/83 MP: 10/32
 23696 | Lair:6   | Noticed Rexfelis's ghost (journeyman MiBe)
 23699 | Lair:6   | Identified the +1 trident of the Median {antimagic, Stlth+}
 23766 | Lair:6   | Reached skill level 15 in Conjurations
 23767 | Lair:6   | Offered knowledge of Iskenderun's Battlesphere by Vehumet.
 23866 | Lair:6   | Learned a level 5 spell: Iskenderun's Battlesphere
 24472 | Lair:6   | Found a transporter.
 24472 | Lair:6   | Found a bloodstained altar of Trog.
 24473 | Lair:6   | Identified the cursed +1 demon trident of Defence {flame,
                  | +Fly Will+ Str+6}
 24629 | Lair:6   | Found a transporter.
 25323 | Lair:6   | Found a burning altar of Makhleb.
 25389 | Lair:6   | Found a gateway to Hell.
 25953 | Orc:1    | Entered Level 1 of the Orcish Mines
 27103 | Orc:2    | Entered Level 2 of the Orcish Mines
 27295 | Orc:2    | Reached ****** piety under Vehumet
 27295 | Orc:2    | Offered knowledge of Bolt of Magma by Vehumet.
 27296 | Orc:2    | Noticed Urug
 27707 | Orc:2    | Killed Urug
 28157 | Orc:2    | Reached skill level 1 in Air Magic
 28911 | Orc:2    | Found Qyca's Antique Armour Boutique.
 28911 | Orc:2    | Found Sailyal's Armour Emporium.
 29007 | Orc:2    | Found a roughly hewn altar of Beogh.
 29353 | Orc:2    | Noticed an orc warlord
 29794 | Orc:1    | Killed an orc warlord
 29795 | Orc:1    | Reached skill level 1 in Evocations
 30324 | Orc:2    | Found a staircase to the Elven Halls.
 30340 | Orc:2    | Found Aduoffim's General Store.
 30340 | Orc:2    | Found Lohol's Weapon Emporium.
 30344 | Orc:2    | Reached XP level 15. HP: 89/89 MP: 9/34
 30475 | Orc:2    | Bought a scroll of enchant armour for 120 gold pieces
 30610 | Orc:2    | Bought a book of Unlife for 1040 gold pieces
 30687 | Orc:2    | Bought +2 steam dragon scales for 676 gold pieces
 30755 | Orc:2    | Offered knowledge of Eringya's Noxious Bog by Vehumet.
 30922 | Orc:2    | Found a roughly hewn altar of Beogh.
 31306 | D:10     | Entered Level 10 of the Dungeon
 31349 | D:10     | Noticed Psyche
 31350 | D:10     | Killed Psyche
 31389 | D:10     | Noticed Fannar
 32364 | D:10     | Acquired a +2 cloak of poison resistance
 32735 | D:10     | Killed Fannar
 33531 | D:11     | Found a frozen archway.
 34758 | D:11     | Offered knowledge of Freezing Cloud by Vehumet.
 35250 | D:12     | Reached skill level 16 in Conjurations
 36507 | D:13     | Learned a level 6 spell: Freezing Cloud
 36624 | D:13     | Found a bloodstained altar of Trog.
 37056 | D:13     | Reached skill level 1 in Staves
 37167 | D:13     | Found a gate to the Vaults.
 38959 | D:14     | Noticed a fire giant
 38963 | D:14     | Killed a fire giant
 39464 | D:15     | Entered Level 15 of the Dungeon
 39611 | D:15     | Reached skill level 1 in Shields
 40618 | D:15     | Found a staircase to the Depths.
 41262 | Shoals:1 | Entered Level 1 of the Shoals
 41372 | Shoals:1 | Offered knowledge of Starburst by Vehumet.
 41476 | Shoals:1 | Noticed Donald
 41725 | Shoals:1 | Killed Donald
 41726 | Shoals:1 | Reached XP level 16. HP: 96/96 MP: 3/36
 42660 | Shoals:1 | Found Jatweh's Antique Weapon Shop.
 44127 | Shoals:2 | Found a runed translucent gate.
 44177 | Shoals:2 | Found a runed translucent gate.
 44178 | Shoals:2 | Found a runed translucent gate.
 44180 | Shoals:2 | Noticed raph's ghost (journeyman DEEE)
 44189 | Shoals:2 | Killed raph's ghost
 44646 | Shoals:2 | Noticed a kraken
 44651 | Shoals:2 | Killed a kraken
 44960 | Shoals:3 | Reached skill level 5 in Staves
 45245 | Shoals:3 | Noticed Jorgrun
 45808 | Shoals:3 | Killed Jorgrun
 46186 | Shoals:4 | Entered Level 4 of the Shoals
 46198 | Shoals:4 | Reached skill level 15 in Spellcasting
 46299 | Shoals:3 | Offered knowledge of Lehudib's Crystal Spear by Vehumet.
 46299 | Shoals:3 | Offered knowledge of Chain Lightning by Vehumet.
 46299 | Shoals:3 | Offered knowledge of Tornado by Vehumet.
 46446 | Shoals:3 | Learned a level 8 spell: Lehudib's Crystal Spear
 46810 | Shoals:3 | Reached XP level 17. HP: 71/101 MP: 2/38
 47101 | Shoals:4 | Noticed Ilsuiw
 47106 | Shoals:4 | Reached skill level 10 in Fighting
 47108 | Shoals:4 | Killed Ilsuiw
 47654 | Shoals:4 | Reached skill level 17 in Conjurations
 49037 | Shoals:4 | Reached skill level 5 in Evocations
 49541 | Shoals:4 | Noticed a kraken
 49573 | Shoals:4 | Killed a kraken
 49691 | Shoals:4 | Got a barnacled rune of Zot
 50570 | Snake:1  | Entered Level 1 of the Snake Pit
 50570 | Snake:1  | Noticed Asterion
 50574 | Snake:1  | Killed Asterion
 50919 | Snake:1  | Noticed Louise
 51248 | Snake:1  | Killed Louise
 51427 | Snake:1  | Identified the +2 leather armour of Qazlal's Approval
                  | {Will+} (You found it on level 1 of the Snake Pit)
 51559 | Snake:1  | Noticed Agnes
 51562 | Snake:1  | Killed Agnes
 51755 | Snake:1  | Acquired The Advanced Guide to the Arcane Arts
 51871 | Snake:1  | Acquired a +0 pair of boots of stealth
 51889 | Snake:1  | Acquired the ring of the Hare {EV+8}
 51890 | Snake:1  | Found the ring of the Hare {EV+8}
 52043 | Snake:1  | Noticed Josephine
 52046 | Snake:1  | Killed Josephine
 52768 | Snake:2  | Reached XP level 18. HP: 108/108 MP: 11/39
 53249 | Snake:2  | Learned a level 1 spell: Apportation
 53564 | Snake:2  | Found Bytzupn's General Store.
 54791 | Snake:3  | Found an ornate altar of the Wu Jian Council.
 55766 | Snake:4  | Entered Level 4 of the Snake Pit
 55769 | Snake:4  | Reached skill level 5 in Air Magic
 56024 | Snake:4  | Reached skill level 10 in Staves
 56755 | Snake:4  | Found Dozeemoy's Jewellery Emporium.
 56757 | Snake:4  | Found Vumav's Gadget Boutique.
 56757 | Snake:4  | Found Nufi's Gadget Boutique.
 56769 | Snake:4  | Bought a condenser vane for 760 gold pieces
 59327 | Snake:4  | Got a serpentine rune of Zot
 59530 | Lair:4   | Learned a level 4 spell: Animate Dead
 59632 | D:9      | Killed Statics's ghost
 60095 | Lair:6   | Killed Rexfelis's ghost
 60096 | Lair:6   | Reached skill level 1 in Necromancy
 60538 | Snake:4  | Reached XP level 19. HP: 112/114 MP: 10/41
 61589 | Vaults:1 | Entered Level 1 of the Vaults
 62624 | Vaults:1 | Reached skill level 18 in Conjurations
 62968 | Vaults:1 | Reached skill level 15 in Earth Magic
 63786 | Vaults:1 | Reached skill level 5 in Necromancy
 63929 | Vaults:1 | Killed from afar by an Ice Fiend

Illustrated notes

Levels and vault maps discovered:
D:1:      dpeg_arrival_simpleton_c, layout_loops_ring
D:2:      layout_loops_ring, lemuel_round_altar, grunt_decor_arrowhead
D:3:      layout_loops_ring, lemuel_crystal_altar
D:4:      black_bear_nest_1, layout_rooms, uniq_ijyb
D:5:      minmay_octagon_keep, layout_basic, minivault_24
D:6:      layout_basic, serial_undead, serial_undead_f, serial_undead_a,
          serial_undead_c, serial_undead_e, serial_undead_f, serial_undead_e,
          serial_undead_b, uniq_grinder
D:7:      layout_loops_ring, old_standard_altar, minmay_temple_entry_trees,
          minmay_misc_feat_columns
D:8:      layout_basic, enter_bailey_3
D:9:      layout_roguey, nicolae_qazlal_style_of_elements, grunt_gozag_statues,
          slow_altar_1, lair_entry_dummy, david_orc_3,
          hellmonk_ghost_happy_afterlife
D:10:     layout_irregular_city, uniq_fannar, uniq_psyche
D:11:     layout_rooms, portal_ice_cave_entry_animals_and_master, st_stairs_10
D:12:     layout_loops_cross
D:13:     layout_basic, david_vaults_1, basic_altar, minmay_dual_archer_statues
D:14:     layout_irregular_city, minmay_three_doors
D:15:     grunt_enter_depths_magical_seal, layout_basic, hex_medium
Lair:1:   layout_regular_city, st_stairs_5, grunt_forest_large_clearings,
          lemuel_fruit_fields, minmay_lair_oklob_chamber
Lair:2:   layout_chaotic_city, grunt_megastairs_5, infiniplex_staircase_pool,
          lemuel_fruit_tree, uniq_gastronok
Lair:3:   layout_concentric_octagons, minmay_shoals_entry_centaurs
Lair:4:   layout_cave_pods, guppyfry_snake_entry_garden,
          chequers_serial_rivers_micro_e, st_stairs_5,
          chequers_serial_rivers_large_a, lemuel_old_faithful,
          grunt_megastairs_4
Lair:5:   layout_roguey, beast_lair_carwin_9
Lair:6:   evil_forest, layout_concentric_octagons, slime_altar_1, special_room
          [special_room_bee], gammafunk_ghost_wrathful_warriors
Shoals:1: layout_shoals, serial_shops, nicolae_shop_window_shopping, uniq_donald
Shoals:2: layout_shoals, ebering_ghost_rock_garden,
          nicolae_shoals_isolated_beach
Shoals:3: layout_shoals, uniq_jorgrun
Shoals:4: shoals_end_hangedman, layout_shoals, shoal_ilsuiw
Snake:1:  layout_onion, nrook_guardian_serpent_double, uniq_agnes,
          uniq_josephine, uniq_louise, uniq_asterion
Snake:2:  layout_cave_pods, minmay_shop_star
Snake:3:  layout_gridlike, basic_altar, serial_bayou_pond_a,
          serial_bayou_shore_b
Snake:4:  snake_pit, layout_cave_town, minmay_shop_grove
Orc:1:    layout_caves
Orc:2:    st_orc_town, layout_caves, basic_altar, uniq_urug
Vaults:1: vaults_room_boxed, v_misc_23, nicolae_vaults_ring_of_whatevers,
          nicolae_vaults_little_squares_2, v_rooms_2, v_misc_3, v_misc_16,
          hangedman_vaults_locks, nicolae_vaults_three_branches,
          ontoclasm_vaults_gateway, nicolae_vaults_murderbox,
          vaults_room_stairs_pillars, hangedman_vaults_corner,
          ontoclasm_vaults_ring_small, nicolae_vaults_little_ls,
          nicolae_vaults_little_squares_6, layout_vaults_maze, serial_glass

Skill      XL: |  1  2  3  4  5  6  7  8  9 10 11 12 13 14 15 16 17 18 19 |
---------------+----------------------------------------------------------+-----
Conjurations   | 5 6 7 9 10 11 12 13 14 15 16 17 18 | 18.0
Hexes          | 1 3 5 7 |  7.5
Dodging        | 4 6 7 9 10 11 12 13 14 | 14.5
Stealth        | 4 6 8 |  8.5
Fighting       | 2 3 4 5 6 7 8 9 10 11 | 11.4
Spellcasting   | 5 6 8 9 11 12 13 14 15 16 17 | 17.0
Earth Magic    | 1 4 7 9 11 12 13 14 15 | 15.0
Air Magic      | 2 4 6 |  6.0
Evocations     | 1 2 3 6 8 |  8.7
Staves         | 3 6 9 11 | 11.8
Shields        | 2 4 |  4.0
Necromancy     | 1 5 |  5.3

Action                   |  1- 3 |  4- 6 |  7- 9 | 10-12 | 13-15 | 16-18 | 19-21 || total
-------------------------+-------+-------+-------+-------+-------+-------+-------++-------
Melee: Dagger            |    16 |    11 |    66 |    13 |       |       |       ||   106
       Staff             |       |     5 |    27 |     4 |    37 |    50 |    20 ||   143
 Cast: Magic Dart        |    66 |    80 |   100 |    21 |    10 |     8 |    18 ||   303
       Searing Ray       |     4 |    11 |    90 |    47 |    15 |       |       ||   167
       Dazzling Flash    |       |     1 |    12 |       |     6 |       |       ||    19
       Fulminant Prism   |       |       |    20 |    37 |    35 |       |       ||    92
       Sandblast         |       |       |     2 |       |       |       |       ||     2
       Iskenderun's Myst |       |       |     3 |    51 |   120 |   101 |    16 ||   291
       Stone Arrow       |       |       |       |     2 |       |       |       ||     2
       Iron Shot         |       |       |       |    11 |   334 |   265 |    37 ||   647
       Lee's Rapid Decon |       |       |       |       |    67 |    21 |       ||    88
       Lightning Bolt    |       |       |       |       |    83 |    49 |    18 ||   150
       Mephitic Cloud    |       |       |       |       |     2 |       |       ||     2
       Iskenderun's Batt |       |       |       |       |     8 |       |     2 ||    10
       Freezing Cloud    |       |       |       |       |    12 |    33 |    10 ||    55
       Passwall          |       |       |       |       |     3 |     7 |       ||    10
       Lehudib's Crystal |       |       |       |       |       |   125 |    27 ||   152
       Apportation       |       |       |       |       |       |     4 |       ||     4
       Animate Dead      |       |       |       |       |       |       |     2 ||     2
Evoke: Wand              |       |       |       |     3 |     5 |     1 |       ||     9
  Use: Scroll            |       |    13 |    11 |     4 |    19 |    14 |     2 ||    63
       Potion            |       |       |     3 |     1 |       |     1 |     1 ||     6
 Stab: Sleeping          |     3 |     1 |       |       |       |       |     1 ||     5
       Invisible         |       |       |     2 |       |       |       |       ||     2
       Distracted        |       |       |     1 |       |       |       |       ||     1
Armor: Robe              |     4 |     2 |    20 |    17 |    15 |       |       ||    58
       Steam dragon scal |       |       |       |       |    32 |    46 |     8 ||    86
Dodge: Dodged            |    21 |    24 |   195 |   117 |   169 |   251 |    37 ||   814
Block: Buckler           |       |       |       |       |     4 |    84 |    21 ||   109
       Reflection        |       |       |       |       |       |    12 |     7 ||    19
